 Dungeon Crawl Stone Soup version 0.29.1-15-g9cfb28693d (webtiles) character file.

Game seed: 13465530969757132103

2308 Mysteryquy the Cleaver (level 9, 0/80 HPs)
             Began as a Minotaur Berserker on May 2, 2023.
             Was an Elder of Trog.
             Slain by an ice beast (10 damage)
             ... on level 7 of the Dungeon.
             The game lasted 00:07:57 (7279 turns).

Mysteryquy the Cleaver (Minotaur Berserker)         Turns: 7279, Time: 00:07:58

Health: 0/80       AC: 14    Str: 26    XL:     9   Next: 18%
Magic:  17/17      EV:  8    Int:  2    God:    Trog [****..]
Gold:   346        SH:  0    Dex: 10    Spells: 8/8 levels left

rFire   . . .      SeeInvis .   y - +4 war axe of the Orcish Mines {vorpal, rPois rN++ MP+9 Int-2}
rCold   . . .      Faith    .   (no shield)
rNeg    + + .      Spirit   .   I - +0 plate armour
rPois   +          Reflect  .   (helmet restricted)
rElec   .          Harm     .   n - +0 cloak
rCorr   .          Rampage  .   (no gloves)
Will    .....                   (no boots)
Stlth   ..........              (no amulet)
HPRegen 0.23/turn               (no ring)
MPRegen 0.15/turn               (no ring)

@: no status effects
A: horns 2, retaliatory headbutt
a: Renounce Religion, Berserk, Trog's Hand, Brothers in Arms


You were on level 7 of the Dungeon.
You worshipped Trog.
Trog was greatly pleased with you.
You visited 1 branch of the dungeon, and saw 7 of its levels.
You also visited: Sewer.

You collected 346 gold pieces.

Inventory:

Hand Weapons
 a - a +0 hand axe
 y - the +4 war axe of the Orcish Mines (weapon) {vorpal, rPois rN++ MP+9 Int-2}
   (You took it off an orc on level 4 of the Dungeon)

   It inflicts extra damage upon your enemies.
   Int:       It affects your intelligence (-2).
   rPois:     It protects you from poison.
   rN:        It greatly protects you from negative energy.
   MP:        It affects your magic capacity (+9).
Missiles
 F - a throwing net (quivered)
Armour
 b - a +0 animal skin
 n - a +0 cloak (worn)
 p - a +0 scale mail
 q - a +0 helmet
 I - a +0 plate armour (worn)
Jewellery
 c - a ring of positive energy
 k - a +4 ring of protection
 x - an amulet of guardian spirit
Wands
 E - a wand of charming (5)
 G - a wand of quicksilver (8)
 J - a wand of polymorph (10)
Scrolls
 d - a scroll of fear {unknown}
 e - 2 scrolls of amnesia {unknown}
 f - 3 scrolls of noise {unknown}
 g - 5 scrolls of enchant weapon {unknown}
 h - 4 scrolls of identify {unknown}
 j - 2 scrolls of magic mapping {unknown}
 l - 4 scrolls of fog {unknown}
 o - 2 scrolls of acquirement {unknown}
 r - 2 scrolls of vulnerability {unknown}
 s - a scroll of immolation {unknown}
 A - 2 scrolls of teleportation {unknown}
 B - 2 scrolls of poison {unknown}
 C - a scroll of enchant armour {unknown}
 H - 5 scrolls of blinking {unknown}
Potions
 i - 2 potions of ambrosia {unknown}
 m - 3 potions of cancellation {unknown}
 t - a potion of resistance {unknown}
 u - 6 potions of curing
 v - a potion of heal wounds {unknown}
 w - a potion of flight {unknown}
 z - a potion of might {unknown}
 D - a potion of haste {unknown}


   Skills:
 + Level 7.6 Fighting
 + Level 10.1 Axes
 + Level 7.7 Armour
 + Level 4.4 Dodging
 + Level 1.8 Stealth


You had 8 spell levels left.
You didn't know any spells.
Your spell library was empty.

Dungeon Overview and Level Annotations

Branches:
Dungeon (7/15)              Sewer (visited)
 Temple: D:4-7

Altars:
Cheibriados
Dithmenos
Makhleb
Trog
Xom


Innate Abilities, Weirdness & Mutations

You have a pair of horns on your head.
You reflexively headbutt those who attack you in melee.


Message History

HP restored.
You see here a hound skeleton.
You enter the shallow water.
Moving in this stuff is going to be slow.
The electric eel shoots out a bolt of lightning at you!
The bolt of electricity misses you.
The electric eel shoots out a bolt of lightning at you!
The bolt of electricity hits you!
An ice beast comes into view.
The electric eel shoots out a bolt of lightning at you!
The bolt of electricity hits you!
The electric eel shoots out a bolt of lightning at you!
The bolt of electricity hits you.
You hear a shout!
The electric eel shoots out a bolt of lightning at you!
The bolt of electricity hits you!
A kobold comes into view. It is wielding a +0 dagger.
The electric eel shoots out a bolt of lightning at you!
The bolt of electricity hits you!
Okay, then.
The kobold throws a stone.
The stone barely misses you.
The electric eel shoots out a bolt of lightning at you!
The bolt of electricity hits the plant!
The plant begins to die.
The bolt of electricity hits you! The ice beast attacks as you move away!
The ice beast hits you but does no damage.
The electric eel shoots out a bolt of lightning at you!
The bolt of electricity hits you.
* * * LOW HITPOINT WARNING * * *
The electric eel shoots out a bolt of lightning at you!
The bolt of electricity hits you!
* * * LOW HITPOINT WARNING * * *
The ice beast attacks as you move away! The ice beast barely misses you.
You furiously retaliate!
You headbutt the ice beast. You slice the ice beast!!
The ice beast is almost dead.
The ice beast hits you.
* * * LOW HITPOINT WARNING * * *
The ice beast freezes you!
You die...

### #.. #.# ########### #.#
..........# #.# #########.# #.#
#.# #@# #♣♣♣♣♣♣♣♣ ####### #.#
#Y# ##♣P~~~~~P~
......###.######.####~PSP~~~~~~
.......................P..~P~~~
.......................K..:~.~.
......###.######...............
......# #........~P♣S~.)....~..
......###..#####♣~~~~~~~~~♣~~.~
...........# #P~~P~~~~~~~~~~P~


You could see an ice beast.

Vanquished Creatures
  Grinder (D:6)
  A hornet (D:7)
  A wyvern (D:6)
  A steam dragon (D:6)
  Menkaure (D:5)
  An ice beast (D:7)
  A black bear (D:6)
  An orc warrior (D:6)
  An ogre (D:6)
  2 bullfrogs
  A necrophage (D:6)
  3 scorpions
  2 howler monkeys (D:5)
  3 hounds
  4 orc priests
  A gnoll bouda (D:6)
  Crazy Yiuf (D:2)
  2 orc wizards
  4 iguanas
  A hell rat (Sewer)
  8 gnolls
  6 adders
  A river rat (Sewer)
  A shadow imp (D:6)
  A white imp (D:6)
  4 worms
  3 dart slugs
  24 orcs
  6 endoplasms
  A giant cockroach (D:4)
  11 goblins
  7 hobgoblins
  10 jackals
  3 kobolds
  3 quokkas
  6 ball pythons
  A bat (D:1)
  2 frilled lizards
  12 rats
143 creatures vanquished.

Vanquished Creatures (others)
  10 plants (D:7)
10 creatures vanquished.

Grand Total: 153 creatures vanquished

Notes
Turn   | Place    | Note
-------+----------+-------------------------------------------
     0 | D:1      | Mysteryquy the Minotaur Berserker began the quest for the
                  | Orb.
     0 | D:1      | Reached XP level 1. HP: 19/19 MP: 0/0
   319 | D:1      | Reached skill level 4 in Axes
   319 | D:1      | Reached XP level 2. HP: 24/27 MP: 1/1
   375 | D:1      | You fall into a shaft and drop 1 floor!
   573 | D:1      | Found a faded altar of an unknown god.
   895 | D:1      | Reached XP level 3. HP: 32/33 MP: 2/2
  1236 | D:2      | Reached ** piety under Trog
  1433 | D:2      | Found a runed translucent door.
  1434 | D:2      | Noticed Crazy Yiuf
  1814 | D:2      | Killed Crazy Yiuf
  1815 | D:2      | Reached XP level 4. HP: 41/41 MP: 3/3
  1820 | D:2      | Identified the +7 hammer "Ceheukh" {vorpal, Str+5 Dex-3}
  2497 | D:3      | Reached skill level 5 in Axes
  2619 | D:3      | Reached skill level 1 in Stealth
  2619 | D:3      | Reached XP level 5. HP: 42/47 MP: 4/4
  2892 | D:3      | Reached skill level 5 in Fighting
  2895 | D:3      | Reached skill level 6 in Axes
  3101 | D:4      | Reached XP level 6. HP: 40/56 MP: 5/5
  3493 | D:4      | Identified the +4 war axe of the Orcish Mines {vorpal,
                  | rPois rN++ MP+9 Int-2}
  3608 | D:4      | Found a bloodstained altar of Trog.
  4256 | D:5      | Entered Level 5 of the Dungeon
  4280 | D:5      | Noticed Menkaure
  4283 | D:5      | Killed Menkaure
  4284 | D:5      | Reached skill level 7 in Axes
  4284 | D:5      | Reached XP level 7. HP: 61/61 MP: 6/6
  4298 | D:5      | Reached *** piety under Trog
  4417 | D:5      | Found a burning altar of Makhleb.
  4447 | D:5      | Found a shadowy altar of Dithmenos.
  4470 | D:5      | Found a snail-covered altar of Cheibriados.
  4495 | D:5      | Found a shimmering altar of Xom.
  4689 | D:5      | Found a glowing drain.
  4706 | Sewer    | Entered a sewer
  4835 | D:5      | Reached skill level 5 in Armour
  5222 | D:6      | Reached XP level 8. HP: 71/71 MP: 7/7
  5233 | D:6      | Reached skill level 8 in Axes
  5540 | D:6      | Reached **** piety under Trog
  6162 | D:6      | Reached skill level 9 in Axes
  6518 | D:6      | Noticed Grinder
  6524 | D:6      | Killed Grinder
  6766 | D:7      | Reached XP level 9. HP: 79/79 MP: 8/8
  6801 | D:7      | Reached skill level 10 in Axes
  7279 | D:7      | Slain by an ice beast

Illustrated notes

Levels and vault maps discovered:
D:1:      lightli_arrival_flooded_house, layout_basic,
          dreamdust_ecumenical_altar_angels_and_demons
D:2:      layout_basic, uniq_crazy_yiuf_cottage
D:3:      layout_basic, small_statue_alley_b, kennysheep_another_room,
          cheibrodos_gnoll_hut
D:4:      layout_basic, mainiacjoe_overflow_chevrons,
          minmay_misc_feat_nine_boxes
D:5:      layout_basic, nicolae_overflow_quartered_altars,
          cheibrodos_sewer_entry_bend, grunt_ministairs_9, uniq_menkaure
D:6:      layout_basic, supply_closet_lemuel, minmay_crossroads, uniq_grinder
D:7:      layout_loops_ring, minmay_temple_entry_trees, serial_bayou_ford_a,
          grunt_ministairs_15, uniq_pikel

Skill      XL: |  1  2  3  4  5  6  7  8  9 |
---------------+----------------------------+-----
Axes           | 4 5 6 7 9 10 | 10.1
Fighting       | 4 5 6 7 |  7.6
Stealth        | 1 |  1.8
Dodging        | 3 4 |  4.4
Armour         | 3 4 5 7 |  7.7

Action                   |  1- 3 |  4- 6 |  7- 9 || total
-------------------------+-------+-------+-------++-------
Melee: Hand axe          |    75 |    80 |       ||   155
       Headbutt          |     7 |    12 |    19 ||    38
       Punch             |       |     2 |     1 ||     3
       War axe           |       |    15 |   135 ||   150
Invok: Berserk           |     1 |     2 |     3 ||     6
       Trog's Hand       |       |       |     1 ||     1
Armor: Animal skin       |    13 |       |       ||    13
       Scale mail        |       |    31 |    37 ||    68
       Plate armour      |       |       |    20 ||    20
Dodge: Dodged            |    40 |    43 |    70 ||   153
